 Dungeon Crawl Stone Soup version 0.21.1 (webtiles) character file.

359 Wehk the Sneak (level 6, -1/39 HPs)
             Began as a Halfling Assassin on Feb 4, 2018.
             Slain by a sky beast (5 damage)
             ... on level 6 of the Dungeon.
             The game lasted 00:14:58 (3998 turns).

Wehk the Sneak (Halfling Assassin)                  Turns: 3998, Time: 00:14:58

Health: -1/39      AC:  6    Str: 13    XL:     6   Next: 97%
Magic:  6/6        EV: 14    Int:  9    God:
Gold:   138        SH:  4    Dex: 17    Spells: 5/5 levels left

rFire    . . .     SeeInvis .   a - +3 flail
rCold    + + .     Gourm    .   y - +0 buckler
rNeg     . . .     Faith    .   b - +2 leather armour {rC+}
rPois    .         Spirit   .   (no helmet)
rElec    .         Reflect  .   d - +0 cloak
rCorr    .         Harm     .   (no gloves)
MR       +....                  (no boots)
Stlth    +++.......             (no amulet)
HPRegen  0.13/turn              p - ring of protection from cold
MPRegen  0.10/turn              h - ring of protection from magic

@: no status effects
A: small, mutation resistance 1
a: no special abilities


You were on level 6 of the Dungeon.
You were not hungry.

You visited 1 branch of the dungeon, and saw 5 of its levels.

You collected 138 gold pieces.

Inventory:

Hand Weapons
 a - a +3 flail (weapon)
 e - a +0 blowgun
 q - a +0 hunting sling
 w - a +2 dagger
Armour
 b - a +2 leather armour of cold resistance (worn)
 d - a +0 cloak (worn)
 y - a +0 buckler (worn)
Jewellery
 f - an uncursed amulet of harm {unknown}
 h - a ring of protection from magic (right hand)
 m - an uncursed ring of positive energy
 p - a ring of protection from cold (left hand)
Scrolls
 j - 2 scrolls of enchant armour
 l - a scroll of magic mapping
 o - 2 scrolls of teleportation {unknown}
 t - a scroll of blinking {unknown}
 u - a scroll of identify
Potions
 i - a potion of ambrosia
 k - a potion of agility {unknown}
 n - a potion of heal wounds
 r - a potion of haste {unknown}
 s - a potion of degeneration {unknown}
 x - a potion of lignification {unknown}
Comestibles
 c - a chunk of flesh
 g - 4 rations


   Skills:
 - Level 2.0 Fighting
 - Level 3.0 Short Blades
 - Level 5.1 Throwing
 + Level 2.6 Dodging
 - Level 6.0 Stealth


You had 5 spell levels left.
You didn't know any spells.

Dungeon Overview and Level Annotations

Branches:
Dungeon (4/15)
 Temple: D:4-7

Altars:
Makhleb
Nemelex Xobeh
Qazlal
Ru
Trog
Vehumet
Wu Jian

Annotations:
D:3 bmj180's ghost, amateur HaFi


Innate Abilities, Weirdness & Mutations

You are small and have problems with some larger weapons.
You are somewhat resistant to further mutation.


Message History

Unknown command.
Wield which item (- for none, * to show all)? (? for menu, Esc to quit)
a - a +3 flail (weapon)
You miss something. Something barely misses you.
Something hits you but does no damage.
You hit something. Something hits you but does no damage.
You sock something! Something hits you but does no damage. Something hits you.
Something shocks you.
You miss something. Something hits you. Something shocks you.
You barely miss something. Something hits you. Something shocks you.
* * * LOW HITPOINT WARNING * * *
You block something's attack.
You barely miss something. Something hits you.
* * * LOW HITPOINT WARNING * * *
Something shocks you.
* * * LOW HITPOINT WARNING * * *
You miss something. Something hits you but does no damage. Something hits you.
* * * LOW HITPOINT WARNING * * *
Something shocks you.
You die...

....... ..(....
....... ####
......(##..##
............#
.............#
....##..###(###
....##..###(#######
.........@{........
.....................
#..................≈≈
##..................≈#
.....................+
.......##..########.≈#
#.....###'########+≈≈
##....................
#....................


There were no monsters in sight!

Vanquished Creatures
  A crimson imp (D:3)
  A bullfrog skeleton (D:4)
  An orc wizard (D:4)
  2 orc priests
  Terence (D:2)
  4 adders
  6 gnolls
  An ooze (D:2)
  2 leopard geckos (D:2)
  11 orcs
  2 giant cockroaches
  7 goblins
  10 hobgoblins
  5 kobolds
  A quokka (D:4)
  4 ball pythons
  8 bats
  3 frilled lizards
  5 rats
75 creatures vanquished.

Vanquished Creatures (others)
  An orc (D:3)
1 creature vanquished.

Grand Total: 76 creatures vanquished

Notes
Turn   | Place    | Note
-------+----------+-------------------------------------------
     0 | D:1      | Wehk the Halfling Assassin began the quest for the Orb.
     0 | D:1      | Reached XP level 1. HP: 14/14 MP: 1/1
   102 | D:1      | Reached XP level 2. HP: 17/19 MP: 2/2
   798 | D:2      | Reached skill level 5 in Stealth
   798 | D:2      | Reached XP level 3. HP: 18/24 MP: 3/3
  1309 | D:2      | Noticed Terence
  1320 | D:2      | Killed Terence
  1320 | D:2      | Reached skill level 6 in Stealth
  1320 | D:2      | Reached XP level 4. HP: 29/29 MP: 4/4
  1492 | D:2      | Found a bloodstained altar of Trog.
  1779 | D:3      | Reached XP level 5. HP: 24/34 MP: 5/5
  2233 | D:3      | Found a radiant altar of Vehumet.
  2547 | D:3      | Found a burning altar of Makhleb.
  2679 | D:3      | Paralysed by a crimson imp for 4 turns
  2918 | D:3      | Reached XP level 6. HP: 23/39 MP: 6/6
  2955 | D:3      | Noticed bmj180's ghost (amateur HaFi)
  3097 | D:4      | Reached skill level 5 in Throwing
  3315 | D:4      | Found a sacrificial altar of Ru.
  3316 | D:4      | Found a stormy altar of Qazlal.
  3317 | D:4      | Found a sparkling altar of Nemelex Xobeh.
  3754 | D:4      | Found an ornate altar of the Wu Jian Council.
  3946 | D:4      | You fall through a shaft for 2 floors!
  3974 | D:6      | Noticed a sky beast
  3998 | D:6      | Slain by a sky beast

Skill      XL: |  1  2  3  4  5  6 |
---------------+-------------------+-----
Fighting       | 2 |  2.0
Short Blades   | 3 |  3.0
Stealth        | 5 6 |  6.0
Throwing       | 4 5 |  5.1
Dodging        | 2 |  2.6

Action                   |  1- 3 |  4- 6 || total
-------------------------+-------+-------++-------
Melee: Dagger            |    42 |   131 ||   173
       Flail             |       |    13 ||    13
 Fire: Blowgun           |    27 |   155 ||   182
Throw: Tomahawk          |       |     2 ||     2
  Use: Scroll            |       |     4 ||     4
       Potion            |       |     1 ||     1
 Stab: Sleeping          |     6 |     8 ||    14
  Eat: Chunk             |       |     6 ||     6
       Ration            |       |     1 ||     1
Armor: Robe              |    11 |    48 ||    59
       Leather armour    |       |    10 ||    10
Dodge: Dodged            |    38 |   115 ||   153
Block: Buckler           |       |     1 ||     1
